 Dungeon Crawl Stone Soup version 0.23-a0-4-g8f018a2 (webtiles) character file.

152 yoda5477 the Charmwright (level 5, 0/43 HPs)
             Began as a Gnoll Skald on July 31, 2018.
             Slain by Ijyb
             ... wielding a +5 club
              (3 damage)
             ... on level 3 of the Dungeon.
             The game lasted 00:10:54 (2249 turns).

yoda5477 the Charmwright (Gnoll Skald)              Turns: 2249, Time: 00:10:54

Health: 0/43       AC:  5    Str: 16    XL:     5   Next: 34%
Magic:  8/12       EV: 14    Int: 16    God:
Gold:   128        SH:  0    Dex: 14    Spells: 9/14 levels left

rFire    . . .     SeeInvis .   y - +0 flail
rCold    . . .     Gourm    .   (no shield)
rNeg     . . .     Faith    .   b - +0 leather armour
rPois    .         Spirit   .   j - +0 helmet
rElec    .         Reflect  .   h - scarf {repulsion}
rCorr    .         Harm     .   n - +0 pair of gloves (curse)
MR       .....                  (no boots)
Stlth    ++........             (no amulet)
HPRegen  0.14/turn              v - +2 ring of strength
MPRegen  0.13/turn              (no ring)

@: infused, singing, repel missiles
A: distributed training, fangs 1, strong nose
a: no special abilities


You were on level 3 of the Dungeon.
You were not hungry.

You visited 1 branch of the dungeon, and saw 3 of its levels.

You collected 128 gold pieces.

Inventory:

Hand Weapons
 a - a +0 hand axe
 c - a +0 dagger
 e - a +0 club
 k - a +0 whip
 l - a +0 hunting sling
 q - a +0 short sword
 s - a +0 trident
 y - a +0 flail (weapon)
Armour
 b - a +0 leather armour (worn)
 h - a scarf of repulsion (worn)
 i - a +0 ring mail
 j - a +0 helmet (worn)
 n - a cursed +0 pair of gloves (worn)
 t - a +0 helmet
 z - a +0 chain mail
Jewellery
 v - a +2 ring of strength (left hand)
Scrolls
 m - 2 scrolls of identify {unknown}
 u - a scroll of remove curse {unknown}
 w - a scroll of teleportation {unknown}
Potions
 f - 2 potions of curing {unknown}
 g - 2 potions of invisibility {unknown}
 p - a potion of mutation {unknown}
 r - a potion of heal wounds {unknown}
 x - a potion of magic {unknown}
Comestibles
 d - 6 rations
 o - 21 chunks of flesh


   Skills:
 + Level 4.7 Fighting
 + Level 1.4 Short Blades
 + Level 1.4 Long Blades
 + Level 4.7 Axes
 + Level 1.4 Maces & Flails
 + Level 1.4 Polearms
 + Level 1.4 Staves
 + Level 1.4 Slings
 + Level 1.4 Bows
 + Level 1.4 Crossbows
 + Level 1.4 Throwing
 + Level 2.9 Armour
 + Level 4.7 Dodging
 + Level 1.4 Stealth
 + Level 1.4 Shields
 + Level 1.4 Unarmed Combat
 + Level 5.2 Spellcasting
 + Level 1.1 Conjurations
 + Level 1.1 Hexes
 + Level 5.5 Charms
 + Level 1.1 Summonings
 + Level 1.1 Necromancy
 + Level 1.1 Translocations
 + Level 1.1 Transmutations
 + Level 1.1 Fire Magic
 + Level 1.1 Ice Magic
 + Level 1.1 Air Magic
 + Level 1.1 Earth Magic
 + Level 1.1 Poison Magic
 + Level 1.6 Invocations
 + Level 1.4 Evocations


You had 9 spell levels left.
You knew the following spells:

 Your Spells              Type           Power        Failure   Level  Hunger
a - Infusion              Chrm           ###.         1%          1    None
b - Song of Slaying       Chrm           ###.....     2%          2    #......
c - Blink                 Tloc           N/A          17%         2    #......

Your spell library contained the following spells:

 Spells                   Type           Power        Failure   Level  Hunger
 Magic Dart               Conj           #...         11%         1    None
 Conjure Flame            Conj/Fire      #.......     32%         3    ###....
 Slow                     Hex            #.......     17%         2    #......
 Mephitic Cloud           Conj/Pois/Air  #.......     32%         3    ###....
 Call Imp                 Summ           #.......     17%         2    #......
 Regeneration             Chrm/Necr      ##........   14%         3    ###....
 Shroud of Golubria       Chrm/Tloc      ##........   7%          2    #......
 Spectral Weapon          Hex/Chrm       ##......     14%         3    ###....


Dungeon Overview and Level Annotations

Branches:
Dungeon (3/15)

Altars:
Elyvilon

Annotations:
D:3 Ijyb


Innate Abilities, Weirdness & Mutations

Your experience applies equally to all skills.
You have very sharp teeth.
Your uncanny sense of smell can sniff out nearby items.


Message History

Ijyb hits you with an enchanted club.
You thump Ijyb!
Ijyb is heavily wounded.
Ijyb misses you.
Ijyb zaps a wand.
The puff of flame misses you.
You hit Ijyb.
Ijyb is severely wounded.
Ijyb zaps a wand.
The puff of flame is repelled.
You closely miss Ijyb. Your bite misses Ijyb.
Ijyb is severely wounded.
Ijyb completely misses you.
You completely miss Ijyb. Your bite misses Ijyb.
Ijyb is severely wounded.
Ijyb hits you with an enchanted club!
* * * LOW HITPOINT WARNING * * *
You barely miss Ijyb.
Ijyb is severely wounded.
Ijyb hits you with an enchanted club.
* * * LOW HITPOINT WARNING * * *
Ijyb hits you with an enchanted club.
You die...

#.. ... #.# #.. #)#
#.####.## #.. #.# ####
#........ #. .... ....
######.## ####.##.#
#..# ###.## .....##
#..# ..#.. .......
#>!# ######.## ....##
#.g# #........ .......
### #.@# #.####.##
....... ...#..#
##.####.## .......
##.#..#######.........
.......
#.....#..).....####.##
.###...
##........÷.....# #...
.# ...
#.......#.......##
###. .# ..
#...>...÷....)..# .
#.......#)......#
###....##....÷..#


You could see Ijyb.

Vanquished Creatures
  An orc priest (D:3)
  Robin (D:3)
  4 adders (D:2)
  A worm (D:3)
  4 orcs (D:3)
  5 bats
  2 giant cockroaches (D:2)
  15 goblins
  12 hobgoblins
  3 jackals (D:3)
  2 quokkas (D:3)
  A frilled lizard (D:2)
  7 kobolds
  7 rats
65 creatures vanquished.

Notes
Turn   | Place    | Note
-------+----------+-------------------------------------------
     0 | D:1      | yoda5477 the Gnoll Skald began the quest for the Orb.
     0 | D:1      | Reached XP level 1. HP: 20/20 MP: 6/6
   223 | D:1      | Reached XP level 2. HP: 16/26 MP: 7/7
   450 | D:1      | Learned a level 2 spell: Song of Slaying
  1106 | D:2      | Reached skill level 5 in Spellcasting
  1106 | D:2      | Reached XP level 3. HP: 27/31 MP: 7/9
  1361 | D:2      | Reached skill level 1 in Invocations
  1516 | D:2      | Reached skill level 1 in Short Blades
  1516 | D:2      | Reached skill level 1 in Long Blades
  1516 | D:2      | Reached skill level 1 in Maces & Flails
  1516 | D:2      | Reached skill level 1 in Polearms
  1516 | D:2      | Reached skill level 1 in Staves
  1516 | D:2      | Reached skill level 1 in Slings
  1516 | D:2      | Reached skill level 1 in Bows
  1516 | D:2      | Reached skill level 1 in Crossbows
  1516 | D:2      | Reached skill level 1 in Throwing
  1516 | D:2      | Reached skill level 1 in Stealth
  1516 | D:2      | Reached skill level 1 in Shields
  1516 | D:2      | Reached skill level 1 in Unarmed Combat
  1516 | D:2      | Reached skill level 1 in Evocations
  1562 | D:2      | Reached XP level 4. HP: 32/38 MP: 11/11
  1590 | D:2      | Found a faded altar of an unknown god.
  1685 | D:2      | Learned a level 2 spell: Blink
  1940 | D:3      | Noticed Robin
  1952 | D:3      | Killed Robin
  1954 | D:3      | Reached skill level 1 in Conjurations
  1954 | D:3      | Reached skill level 1 in Hexes
  1954 | D:3      | Reached skill level 1 in Summonings
  1954 | D:3      | Reached skill level 1 in Necromancy
  1954 | D:3      | Reached skill level 1 in Translocations
  1954 | D:3      | Reached skill level 1 in Transmutations
  1954 | D:3      | Reached skill level 1 in Fire Magic
  1954 | D:3      | Reached skill level 1 in Ice Magic
  1954 | D:3      | Reached skill level 1 in Air Magic
  1954 | D:3      | Reached skill level 1 in Earth Magic
  1954 | D:3      | Reached skill level 1 in Poison Magic
  2088 | D:3      | Found a white marble altar of Elyvilon.
  2177 | D:3      | Reached XP level 5. HP: 41/43 MP: 12/12
  2233 | D:3      | Noticed Ijyb
  2249 | D:3      | Slain by Ijyb

Vault maps used:
D:1:      zelgadis_glass_arrival_small
D:2:      first_ration, chequers_ecumenical_altar_twisty
D:3:      led_sif_book, lemuel_doored_altar, minmay_splitting_lines,
          feat_on_display, uniq_ijyb, uniq_robin

Skill      XL: |  1  2  3  4 |
---------------+-------------+-----
Spellcasting   | 5 |  5.2
Invocations    | 1 |  1.6
Short Blades   | 1 |  1.4
Long Blades    | 1 |  1.4
Maces & Flails | 1 |  1.4
Polearms       | 1 |  1.4
Staves         | 1 |  1.4
Slings         | 1 |  1.4
Bows           | 1 |  1.4
Crossbows      | 1 |  1.4
Throwing       | 1 |  1.4
Stealth        | 1 |  1.4
Shields        | 1 |  1.4
Unarmed Combat | 1 |  1.4
Evocations     | 1 |  1.4
Conjurations   | 1 |  1.1
Hexes          | 1 |  1.1
Summonings     | 1 |  1.1
Necromancy     | 1 |  1.1
Translocations | 1 |  1.1
Transmutations | 1 |  1.1
Fire Magic     | 1 |  1.1
Ice Magic      | 1 |  1.1
Air Magic      | 1 |  1.1
Earth Magic    | 1 |  1.1
Poison Magic   | 1 |  1.1
Fighting       | |  4.7
Axes           | |  4.7
Armour         | |  2.9
Dodging        | |  4.7
Charms         | |  5.5

Action                   |  1- 3 |  4- 6 || total
-------------------------+-------+-------++-------
Melee: Hand axe          |    66 |    66 ||   132
       Bite              |    11 |     9 ||    20
       Whip              |    67 |    20 ||    87
       Flail             |       |    11 ||    11
       Punch             |       |     2 ||     2
 Cast: Infusion          |       |     2 ||     2
       Song of Slaying   |       |     2 ||     2
 Stab: Sleeping          |     2 |       ||     2
  Eat: Chunk             |     2 |     3 ||     5
Armor: Leather armour    |    25 |    17 ||    42
Dodge: Dodged            |    94 |    56 ||   150
       Deflected         |       |     3 ||     3

Table legend:
 A = Spawn XP
 B = Non-spawn XP
 C = Spawn XP percentage of total XP
 D = Spawn monster count
 E = Non-spawn monster count
 F = Spawn count percentage of total count
 G = Total turns spent on level
                    A         B        C        D         E        F      G
               +---------+---------+-------+---------+---------+-------+---------
         Total |       0 |     218 |   0.0 |       0 |      65 |   0.0 |  2249
               +---------+---------+-------+---------+---------+-------+---------
           D:1 |       0 |      25 |   0.0 |       0 |      14 |   0.0 |   950
           D:2 |       0 |      67 |   0.0 |       0 |      15 |   0.0 |   844
           D:3 |       0 |     126 |   0.0 |       0 |      36 |   0.0 |   455
               +---------+---------+-------+---------+---------+-------+---------
